[Event "FRA-ch Teams Top 16-A 2022"]
[Site "Chartres"]
[Date "2022.06.09"]
[Round "1.1"]
[White "Ragger, Markus"]
[Black "Jones, Gawain C B"]
[Result "1/2-1/2"]
[ECO "C54"]
[WhiteElo "2636"]
[BlackElo "2669"]
[Annotator "TA"]
[PlyCount "117"]
[EventDate "2022.06.09"]
[EventType "team-tourn"]
[EventCountry "FRA"]
[SourceTitle "playchess.com"]
[Source "ChessBase"]
[SourceQuality "1"]
[TimeControl "40/5400+30:1800+30"]

1. e4 e5 2. Nf3 Nc6 3. Bc4 Nf6 4. d3 Bc5 5. O-O d6 6. c3 a5 {[%emt 0:00:33] C54: Giuoco Piano: 4 c3 Nf6, main lines with 5 d4 and 5 d3.} 7. Re1 (7. Bg5 $5 ) 7... Ba7 8. Na3 h6 {[%emt 0:03:46] The position is equal.} 9. Nb5 Bb6 10. Be3 Bxe3 11. Rxe3 O-O 12. h3 {[%emt 0:02:46] [#]} Re8 $146 ({Predecessor:} 12... Bd7 13. a4 Ne7 14. d4 Ng6 15. Qb3 Qb8 16. Rd1 Bc6 17. Bd3 Re8 18. Bb1 Qc8 {½-½ (36) Marbourg,D (2477)-Fabri,L (2392) ICCF email 2021}) 13. Qc2 Ne7 14. Qb3 Rf8 15. d4 Ng6 16. Rd1 Bd7 17. a4 Qc8 18. Nd2 Nh5 19. Nf3 Nhf4 20. Bf1 Kh8 21. Qc4 Bc6 22. Nxc7 Qxc7 $11 23. d5 f5 24. dxc6 fxe4 $1 25. Qxe4 d5 26. Qc2 {[%emt 0:00:59] Hoping for cxb7.} e4 $1 27. Nd4 {[%emt 0:02:19] Black must now prevent cxb7.} Rae8 (27... bxc6 $14 28. g3 c5) 28. c4 $18 bxc6 29. cxd5 Nxd5 30. Rxe4 Nb4 31. Qb1 {[%emt 0:01:07] Threatens to win with Rxe8.} Qf7 32. Rxe8 Qxe8 33. Bc4 {[%emt 0:02:05] And now Ne6 would win.} Ne5 34. Re1 Qb8 35. Bf1 Qb6 (35... Nd5 $142 36. Qe4 Nd7 37. Nxc6 Qxb2) 36. Qe4 Nd7 37. Nf3 Qc5 38. Qg6 Qf5 39. Qd6 Rf6 (39... Nb6 $142 40. b3 N6d5) 40. Qd2 Qd5 41. Qc3 Re6 42. Rxe6 Qxe6 43. Bc4 Qe4 44. b3 $1 Nb6 45. Bf7 {[%emt 0:02:25] Strongly threatening Qc5.} Qb1+ 46. Kh2 $1 {[%emt 0:01:06] White threatens Qe5 and mate.} Qf5 47. Be8 Nd7 48. Bxd7 Qxd7 {[%emt 0:02:12][%mdl 4096] Endgame KQN-KQN} 49. Ne5 Qf5 50. Qg3 ({And not} 50. Nxc6 Qc8 51. Qf3 Nxc6 $17) 50... c5 51. Nc4 Nc6 52. Qg4 (52. Qf3 $18 Qxf3 53. gxf3) 52... Qf6 (52... Qf8 $16 {keeps fighting.}) 53. f3 (53. Qf3 $1 $18 ) 53... Nd4 54. Qc8+ Kh7 55. Qxc5 Qf4+ {[%emt 0:00:27] [#]} 56. Kg1 $1 Qc1+ 57. Kh2 Qf4+ 58. Kg1 Qc1+ {[%emt 0:00:14] [#]} 59. Kh2 {[%emt 0:00:53] Weighted Error Value: White=0.14 (very precise) /Black=0.18 (very precise)} (59. Kf2 $1 $16 Qc2+ 60. Kg3 Ne2+ 61. Kh2 Qxb3 62. Qf5+ (62. Nxa5 Qb8+ 63. Kh1 Qb1+ 64. Kh2 Qb8+ 65. Kh1 Qb1+ 66. Kh2 Qb8+ $11) 62... Kh8 63. Qf8+ (63. Nxa5 Qd1 $11) 63... Kh7 64. Qf5+ Kh8 65. Qe4 (65. Nxa5 Qd1 $11)) 1/2-1/2

[Event "FRA-ch Teams Top 16-A 2022"]
[Site "Chartres"]
[Date "2022.06.09"]
[Round "1.2"]
[White "Korobov, Anton"]
[Black "Bacrot, Etienne"]
[Result "1/2-1/2"]
[ECO "A07"]
[WhiteElo "2671"]
[BlackElo "2638"]
[Annotator "TA"]
[PlyCount "101"]
[EventDate "2022.06.09"]
[EventType "team-tourn"]
[EventCountry "FRA"]
[SourceTitle "playchess.com"]
[Source "ChessBase"]
[SourceQuality "1"]
[TimeControl "40/5400+30:1800+30"]

1. Nf3 d5 2. g3 Nf6 3. Bg2 e6 4. O-O Be7 5. d3 O-O 6. Nbd2 a5 {[%emt 0:01:17][%cal Ba7a5,Ba5a4,Ba4a3][%mdl 32] A07: Réti Opening: New York and Capablanca Systems.} 7. e4 a4 8. Re1 a3 {[%emt 0:07:10] [#]} 9. c4 $146 ({Predecessor:} 9. b3 c5 10. e5 Nfd7 11. Nf1 Nc6 12. h4 b5 13. h5 f5 14. exf6 Bxf6 15. Rb1 {0-1 (26) Nepomniachtchi,I (2751)-Kramnik,V (2811) Zuerich 2017}) 9... dxe4 10. Nxe4 Nxe4 11. Rxe4 Bf6 12. Re2 Nc6 13. Rb1 axb2 14. Bxb2 Bxb2 15. Rbxb2 Nd4 16. Red2 c6 17. c5 Nxf3+ 18. Bxf3 Qd4 19. Rbc2 Ra4 {[%emt 0:01:26] Against Rc4} 20. Re2 $1 Ra3 21. Red2 Ra4 22. Re2 Ra3 23. Red2 Qf6 24. Be4 e5 25. Qb1 Rd8 26. Rc4 {[%emt 0:01:04] Against Ra4} h5 27. Qb2 Ra8 28. a4 Qe7 29. Bf3 Bf5 30. Rb4 (30. Be4 $11 Be6 31. Rb4 (31. Qxe5 f6 $17)) 30... Qxc5 31. Rxb7 Bg6 ({Black should try} 31... Rxd3 $15 32. Bxh5 g6 33. Rxd3 Bxd3) 32. Be4 Bxe4 33. dxe4 {[%emt 0:00:02][%cal Ob2b3] [#] Black must now prevent Qb3!} Rxd2 34. Qxd2 $11 {[%emt 0:00:02][%mdl 4096] Endgame And now Qa2 would win. KQR-KQR} Qc4 {[%emt 0:00:10] Against Qa2} 35. Rb4 Qc5 36. h4 Kh7 (36... g6 $11) 37. Rb7 $1 $14 Ra7 (37... Rxa4 $2 38. Qd1 Kg6 39. Qxa4 $18) 38. Rb8 {[%emt 0:02:17] White is more active.} (38. Rxa7 $16 Qxa7 39. Qe2) 38... Qd4 $11 {[%emt 0:00:49] The position is equal.} 39. Qg5 {[%emt 0:02:48][%cal Rg5h5] [#]} Qd1+ 40. Kg2 {[%emt 0:01:12] Threatening mate with Qf5+.} Qg4 41. Qxg4 hxg4 {[%emt 0:30:06] KR-KR} 42. Rb4 Kg8 43. f3 gxf3+ 44. Kxf3 Kf8 45. Kg4 g6 46. Kf3 Ke7 47. g4 c5 48. Rc4 Kf6 49. Ke3 Ra8 50. Kd3 Ke6 51. Rxc5 {[%emt 0:00:00] Weighted Error Value: White=0.10 (very precise) /Black=0.09 (flawless)} 1/2-1/2

[Event "FRA-ch Teams Top 16-A 2022"]
[Site "Chartres"]
[Date "2022.06.09"]
[Round "1.4"]
[White "Grandelius, Nils"]
[Black "Fressinet, Laurent"]
[Result "1/2-1/2"]
[ECO "C54"]
[WhiteElo "2635"]
[BlackElo "2630"]
[Annotator "TA"]
[PlyCount "46"]
[EventDate "2022.06.09"]
[EventType "team-tourn"]
[EventCountry "FRA"]
[SourceTitle "playchess.com"]
[Source "ChessBase"]
[SourceQuality "1"]
[TimeControl "40/5400+30:1800+30"]

1. e4 e5 2. Nf3 Nc6 3. Bc4 Nf6 4. d3 Bc5 5. O-O d6 6. c3 a5 {[%emt 0:00:07] C54: Giuoco Piano: 4 c3 Nf6, main lines with 5 d4 and 5 d3.} 7. Re1 Ba7 8. Na3 h6 {[%emt 0:02:39] The position is equal.} 9. Nb5 Bb6 10. Be3 Bxe3 11. Rxe3 O-O 12. d4 {[%emt 0:00:55] [#]} Re8 $146 ({Predecessor:} 12... Bg4 13. h3 Bxf3 14. Qxf3 a4 15. Rd1 Qe7 16. Na3 Na5 17. Bb5 Nc6 18. Nc2 Ra5 {1-0 (37) Volokitin,A (2681)-Matlakov,M (2674) Chess.com INT 2022}) 13. Qe1 (13. Qb3 $5 Re7 14. a4 $14) 13... Bg4 14. dxe5 Nxe5 15. Nxe5 dxe5 16. f3 Bd7 17. Rd1 Rc8 18. Red3 Qe7 {[%emt 0:02:38] [#] Hoping for ...Qc5+.} 19. Qe3 {[%emt 0:00:07] Prevents Qc5.} Red8 20. Na3 Be8 21. Rxd8 Rxd8 22. Rxd8 Qxd8 23. Be2 b6 {[%emt 0:05:52] A balanced but interesting game.  Weighted Error Value: White=0.04 (flawless) /Black=0.05 (flawless)} 1/2-1/2

[Event "FRA-ch Teams Top 16-A 2022"]
[Site "Chartres"]
[Date "2022.06.09"]
[Round "1.5"]
[White "Naiditsch, Arkadij"]
[Black "Velten, Paul"]
[Result "1/2-1/2"]
[ECO "A15"]
[WhiteElo "2654"]
[BlackElo "2492"]
[Annotator "TA"]
[PlyCount "62"]
[EventDate "2022.06.09"]
[EventType "team-tourn"]
[EventCountry "FRA"]
[SourceTitle "playchess.com"]
[Source "ChessBase"]
[SourceQuality "1"]
[TimeControl "40/5400+30:1800+30"]

1. c4 c6 2. Nf3 Nf6 3. b3 g6 4. Bb2 Bg7 5. e4 O-O 6. Qc2 {[%emt 0:19:17] [#] A15: English Opening: 1...Nf6.} d5 $146 ({Predecessor:} 6... d6 7. d4 d5 8. e5 Bf5 9. Bd3 Bxd3 10. Qxd3 dxc4 11. bxc4 Nfd7 12. Qe2 e6 {1-0 (47) Hadzi Manev,L (2205)-Temkov,B (2039) Skopje 2008}) 7. e5 Bf5 8. Bd3 Bxd3 ({Black should try} 8... Ne4 $17) 9. Qxd3 $11 Nfd7 10. O-O dxc4 (10... e6 $5 ) 11. Qxc4 Na6 12. d4 Nb6 13. Qe2 Nd5 14. Nbd2 Nac7 (14... Qd7 {with more complications.} 15. Nc4 Nf4 16. Qd2 Bh6) 15. g3 Qd7 16. Rfe1 Ne6 (16... Qg4 $15 {should be considered.}) 17. h4 Rad8 18. Rad1 Qc8 19. a4 Bh6 20. Qe4 Ng7 21. Nh2 Bxd2 22. Rxd2 f5 23. Qf3 (23. Qg2 $15) 23... Ne6 24. Rdd1 (24. Qg2 $15 {deserves consideration.}) 24... Rd7 25. Qg2 Qd8 ({Black should play} 25... c5 $17 26. dxc5 Qxc5) 26. Nf3 $15 Qb6 27. Rd3 Nb4 {[%emt 0:01:27] Pair of Knights!} 28. Rd2 Nd5 29. Rd3 Nb4 30. Rd2 Nd5 31. Rd3 Nb4 {[%emt 0:00:21] Weighted Error Value: White=0.16 (very precise) /Black=0.20 (precise)} 1/2-1/2

[Event "FRA-ch Teams Top 16-A 2022"]
[Site "Chartres"]
[Date "2022.06.09"]
[Round "1.6"]
[White "Edouard, Romain"]
[Black "Bellahcene, Bilel"]
[Result "0-1"]
[ECO "B30"]
[WhiteElo "2575"]
[BlackElo "2521"]
[Annotator "TA"]
[PlyCount "70"]
[EventDate "2022.06.09"]
[EventType "team-tourn"]
[EventCountry "FRA"]
[SourceTitle "playchess.com"]
[Source "ChessBase"]
[SourceQuality "1"]
[TimeControl "40/5400+30:1800+30"]

1. e4 c5 2. Nf3 Nc6 3. Bb5 e6 4. O-O Nge7 5. d4 cxd4 6. Nxd4 Qb6 {[%emt 0:02:31] 6...Ng6 might become the main line.} 7. Nxc6 {[%emt 0:00:57] B30: Sicilian: 2...Nc6 3 Bb5, lines without ...g6.} bxc6 8. Bd3 Ng6 9. Kh1 {[%emt 0:01:42] White has an edge.} e5 10. Nc3 Be7 {[%emt 0:00:50] [#]} 11. Na4 $146 ({Predecessor:} 11. Ne2 O-O 12. f4 exf4 13. Nxf4 Ne5 14. Qe1 d6 15. Qg3 Qd8 16. Be2 Bh4 17. Qc3 {½-½ (41) Benkiar,D (2027)-Amdouni,Z (2249) Algiers 2013}) 11... Qc7 12. c4 Nf4 13. c5 O-O 14. Bc4 Rb8 15. Be3 Rd8 16. g3 Ne6 17. f4 d5 18. cxd6 $1 (18. exd5 $2 cxd5 19. Be2 (19. Bxd5 $2 Rxd5 20. Qe2 Bb7 $19) 19... d4 $19) 18... Bxd6 19. f5 Nd4 20. f6 (20. Bxd4 exd4 21. b3 (21. Qxd4 Qa5 $15) 21... Bb7 $11) (20. Bg5 $14) 20... g6 $11 21. Bxd4 (21. Rf2 $11) 21... exd4 $17 22. Qd2 Bf8 23. Rae1 {[%emt 0:11:52] [#]} (23. b3 $142) 23... Qe5 ({Black should play} 23... Rb5 $1 $17 24. b3 (24. Bxb5 $2 cxb5 25. Nc3 dxc3 $19) 24... Rh5) 24. b3 $15 d3 (24... Bh3 $15 25. Rf2 Qh5) 25. Nb2 $11 Bh3 26. Rf2 (26. Nxd3 $14 {is the one way to stay ahead.} Rxd3 27. Qxd3 (27. Bxd3 Bxf1 28. Rxf1 Rd8 $11)) 26... Qh5 $1 $36 {[%emt 0:00:25][%mdl 2048] ...Bb4 is the strong threat. White is under strong pressure.} (26... Bb4 $2 27. Qh6 $1 Bf8 28. Bxf7+ (28. Nxd3 Qxe4+ 29. Rxe4 Bxh6 $18) 28... Kh8 29. Qxh3 $18) 27. Qf4 (27. Nxd3 {might work better.} Bb4 28. Qf4 Bxe1 29. Nxe1) 27... d2 $1 28. Rd1 {[%emt 0:00:04] [#]} (28. Rxd2 $2 Rxd2 29. Nd3 Rd8 $1 $19) 28... Bg4 $2 {[%emt 0:00:31] Really sharp! A strong pair of Bishops.} ({Worse is} 28... g5 29. Qe3 $11) (28... Bh6 $1 $19 29. Rfxd2 Bg2+ 30. Kg1 Qxd1+ 31. Rxd1 Bxf4 32. Kxg2 Rxd1 33. Nxd1 Be5) 29. Rdxd2 $11 Rxd2 30. Rxd2 Re8 31. Bxf7+ $2 Kxf7 $19 32. Qc7+ Kxf6 {[%emt 0:00:43] Threatens to win with ...Bf3+.} 33. Nd3 Bf3+ 34. Kg1 Bc5+ 35. Kf1 Qh3+ {[%emt 0:00:10] Weighted Error Value: White=0.60/Black=0.19 (very precise)} 0-1

[Event "FRA-ch Teams Top 16-A 2022"]
[Site "Chartres"]
[Date "2022.06.09"]
[Round "1.7"]
[White "Maze, Sebastien"]
[Black "David, Alberto"]
[Result "1/2-1/2"]
[ECO "B47"]
[WhiteElo "2519"]
[BlackElo "2520"]
[Annotator "TA"]
[PlyCount "83"]
[EventDate "2022.06.09"]
[EventType "team-tourn"]
[EventCountry "FRA"]
[SourceTitle "playchess.com"]
[Source "ChessBase"]
[SourceQuality "1"]
[TimeControl "40/5400+30:1800+30"]

1. e4 c5 2. Nf3 e6 3. d4 cxd4 4. Nxd4 Nc6 5. Nc3 Qc7 6. f4 a6 7. Nxc6 Qxc6 8. Be2 b5 9. Bf3 Bb7 10. Qd3 {[%emt 0:00:25] was the old line (10.Be3). B47: Sicilian: Taimanov: 5 Nc3 Qc7 6 f4, 6 g3 and 6 Be2.} Qc7 11. Be3 Bb4 12. Bd4 {[%emt 0:24:06] [#] White is slightly better.} f6 $146 ({Predecessor:} 12... Nf6 13. O-O Rc8 14. e5 Bxc3 15. Bxc3 Nd5 16. Bxd5 Bxd5 17. Rf2 Qc4 18. Qd2 O-O {½-½ (49) Lelumees,B (2126)-Hahn,F (2110) Floersheim 2016}) 13. g3 (13. a3 $14 Be7 14. Qe3) 13... Nh6 14. O-O-O O-O 15. Ne2 Rac8 16. Kb1 Nf7 17. a3 Be7 18. Bc3 Rfd8 19. Qd2 (19. h4 $14) 19... Nd6 $11 20. Ba5 Nc4 21. Bxc7 Nxd2+ 22. Rxd2 Rxc7 23. Nd4 {[%emt 0:00:20] Against f5} Kf7 24. c3 Bc5 25. Re1 Ke7 26. Bd1 Rdc8 27. Bb3 Ba8 28. e5 f5 29. Bc2 g6 30. h4 Bd5 31. Red1 Bxd4 32. Rxd4 {[%emt 0:00:38] The position is equal.} Rc4 33. Kc1 Rxd4 34. Rxd4 {[%emt 0:00:17][%mdl 4096] Endgame KRB-KRB} d6 35. exd6+ Kxd6 36. a4 Rc4 37. axb5 Rxd4 38. cxd4 axb5 39. Kd2 b4 40. Ba4 Bc4 41. Ke3 Kd5 42. Bd1 {[%emt 0:00:00] Weighted Error Value: White=0.09 (flawless) /Black=0.06 (flawless)} 1/2-1/2

[Event "FRA-ch Teams Top 16-A 2022"]
[Site "Chartres"]
[Date "2022.06.09"]
[Round "1.8"]
[White "Alexieva, Silvia"]
[Black "Sebag, Marie"]
[Result "1/2-1/2"]
[ECO "D00"]
[WhiteElo "2219"]
[BlackElo "2472"]
[Annotator "TA"]
[PlyCount "131"]
[EventDate "2022.06.09"]
[EventType "team-tourn"]
[EventCountry "FRA"]
[SourceTitle "playchess.com"]
[Source "ChessBase"]
[SourceQuality "1"]
[TimeControl "40/5400+30:1800+30"]

1. d4 d5 2. Bf4 c5 3. e3 Nc6 4. c3 Nf6 5. Nd2 Qb6 6. Qb3 {[%emt 0:07:46] D00: 1 d4 d5: Unusual lines.} Bf5 7. dxc5 Qxb3 8. axb3 {[%emt 0:00:14] White is slightly better.} e5 9. Bg3 Bxc5 10. Ngf3 Nd7 11. b4 Bd6 {[%emt 0:00:22] [#]} 12. Rd1 $146 (12. Nd4 $1 $14 Nxd4 13. exd4) ({Predecessor:} 12. Be2 f6 13. O-O Kf7 14. Rfd1 Rhd8 15. e4 dxe4 16. Nxe4 Be7 17. Bc4+ Kf8 18. Nd6 Bxd6 19. Rxd6 {0-1 (53) Weetik,V (2423)-Le,Q (2709) Chess.com INT 2021}) 12... f6 $11 {[%emt 0:04:08] [#]} 13. Nc4 dxc4 $15 14. Rxd6 Ke7 15. Rd2 (15. Rd1 $142) 15... b5 $17 16. Be2 a5 17. bxa5 Nxa5 18. O-O (18. Nh4 $17 {might work better.} Be6 19. f4) 18... Nb6 (18... Nb3 $19 {has better winning chances.} 19. Rd5 Nbc5) 19. Nh4 Be6 20. f4 Rhd8 ({Better is} 20... Nb3 $15 21. Rdd1 Na4 22. fxe5 Nxb2) 21. Rxd8 $11 Rxd8 22. fxe5 Rd2 23. exf6+ gxf6 24. Bf3 (24. Bh5 {keeps more tension.} Na4 25. e4 Rxb2 26. Nf5+) 24... Na4 25. Be4 Rxb2 26. Bxh7 {[%emt 0:01:23] A strong pair of Bishops.} Nxc3 27. Ng6+ Ke8 {[%emt 0:00:54] Hoping for ...Ne2+.} 28. Nf4 Ne2+ 29. Nxe2 Rxe2 30. Rxf6 Kd7 (30... Ke7 $11 {remains equal.} 31. Rf2 Re1+ 32. Rf1 Rxe3) 31. h4 (31. Rg6 $1 $16 ) 31... c3 32. Rf2 Rxe3 ({Black should try} 32... Rd2 $1 $15 33. h5 b4) 33. Kh2 b4 34. h5 {[%emt 0:02:02] Threatens to win with h6.} b3 35. h6 c2 $2 {[%emt 0:00:34][%mdl 8192] [#]} (35... Nc4 $11) 36. Bxc2 $1 bxc2 37. Rxc2 Bg8 (37... Bf5 38. Rc5 Ke6 39. Rxa5 Rd3 40. Ra6+ Kf7) 38. Rc7+ $18 Ke8 (38... Ke6 $142 39. Rg7 Kf5) 39. Rg7 $1 (39. h7 Bxh7 40. Rxh7 Nc4 $14) 39... Re6 40. Rxg8+ {[%emt 0:00:43][%mdl 4096] Endgame KRB-KRN} Kf7 41. Rh8 (41. Rg7+ $142 Kf8 42. Bf4) 41... Nc6 42. Bf4 Ne7 {[%emt 0:00:17] Prevents Rc8.} (42... Ne5 $142 43. Kg3 Ng6) 43. Rh7+ $2 (43. h7 {[%cal Oh8f8] Rf8+! is the strong threat.} Kg7 44. Re8 Kxh7 45. Bg5) 43... Kf6 $2 (43... Kg8) 44. g4 (44. Rg7 $142 {aiming for Bg5+.} Ng6 45. Bg5+ $1 Kf5 46. h7 $1) 44... Ng6 45. Bc1 Rc6 46. g5+ Kf5 47. Rf7+ Kg4 48. Bd2 Rc2 49. Rd7 Ne5 50. Rd4+ Kf5 $2 (50... Kh5 51. Kg3 Nf7) 51. Kg3 {[%emt 0:00:00] Strongly threatening Rd6.} Ra2 52. Rd5 {[%emt 0:00:00] Intending h7 and mate.} Kg6 53. Rd6+ Kh7 54. Kf4 Ng6+ 55. Kf5 Ne7+ 56. Ke6 (56. Kg4 $142 Kg8 57. Rd8+ Kf7 58. h7 Ng6 59. Kh5 Ra7 60. Bc3 Nf4+ 61. Kh6 Ra6+ 62. Bf6) 56... Ra7 57. Bc3 (57. Be3 $142 Rc7 58. Ra6) 57... Kg6 58. Bd4 $2 (58. Rd7 $18 Rxd7 59. Kxd7) 58... Rb7 $16 {[%emt 0:00:19] [#]} 59. Bf6 $1 ({Not} 59. Ke5+ Kxg5 60. h7 (60. Be3+ Kh5 $14) 60... Nc6+ 61. Rxc6 Rxh7 $14) 59... Nf5 60. h7 (60. Ra6 $16 {And now Bd8 would win.} Nxh6 61. gxh6 Kxh6 62. Kf5) 60... Rxh7 $11 {[%emt 0:00:20] The position is equal.} 61. Rd8 Ra7 62. Rg8+ Ng7+ 63. Ke5 Kh7 64. Rxg7+ Rxg7 65. Bxg7 Kxg7 66. Ke4 {[%emt 0:02:29] White used his chance.  Weighted Error Value: White=0.43/Black=0.65} 1/2-1/2

[Event "FRA-ch Teams Top 16-A 2022"]
[Site "Chartres"]
[Date "2022.06.09"]
[Round "1.9"]
[White "Sochacki, Christophe"]
[Black "Postny, Evgeny"]
[Result "1/2-1/2"]
[ECO "A06"]
[WhiteElo "2493"]
[BlackElo "2563"]
[Annotator "TA"]
[PlyCount "51"]
[EventDate "2022.06.09"]
[EventType "team-tourn"]
[EventCountry "FRA"]
[SourceTitle "playchess.com"]
[Source "ChessBase"]
[SourceQuality "1"]
[TimeControl "40/5400+30:1800+30"]

1. Nf3 Nf6 2. b3 d5 3. Bb2 c5 4. e3 Nc6 5. Bb5 Bd7 6. O-O e6 7. c4 {[%emt 0:00:04] A06: Réti Opening: 1 Nf3 d5.} dxc4 8. bxc4 Be7 9. Nc3 O-O {[%emt 0:02:56] [#]} 10. Qe2 $146 ({Predecessor:} 10. Ne2 Na5 11. Qc2 Rc8 12. Bxd7 Nxd7 13. d3 a6 14. Ng3 Bf6 15. Ne4 Bxb2 16. Qxb2 {1-0 (47) Nepomniachtchi,I (2784)-Nakamura,H (2736) Chess.com INT 2020}) 10... Qc7 11. Rab1 Rad8 12. Rfd1 Bc8 13. h3 (13. Bxc6 $5 Qxc6 14. Nb5 $11) 13... b6 {[%emt 0:06:24] The position is equal.} 14. a3 Bb7 15. Ba4 Na5 16. d3 Qb8 17. Ba1 Ne8 18. Nd2 Nd6 19. Nb5 Nf5 20. Bc2 Nc6 21. Ne4 (21. Nf3 $5 ) 21... Rd7 (21... Nh4 $5 ) 22. Qg4 Ne5 23. Qf4 Nc6 24. Qg4 Ne5 25. Qf4 Nc6 26. Qg4 {[%emt 0:04:30] An even fight not without its subleties.  Weighted Error Value: White=0.06 (flawless) /Black=0.05 (flawless)} 1/2-1/2

[Event "FRA-ch Teams Top 16-A 2022"]
[Site "Chartres"]
[Date "2022.06.09"]
[Round "1.10"]
[White "Ganguly, Surya Shekhar"]
[Black "Dourerassou, Jonathan"]
[Result "1/2-1/2"]
[ECO "B01"]
[WhiteElo "2616"]
[BlackElo "2446"]
[Annotator "TA"]
[PlyCount "118"]
[EventDate "2022.06.09"]
[EventType "team-tourn"]
[EventCountry "FRA"]
[SourceTitle "playchess.com"]
[Source "ChessBase"]
[SourceQuality "1"]
[TimeControl "40/5400+30:1800+30"]

1. e4 d5 2. exd5 Qxd5 3. Nc3 Qd8 4. d4 Nf6 5. Nf3 g6 6. Bc4 {[%emt 0:01:15] B01: Scandinavian Defence.} Bg7 7. O-O O-O 8. h3 {[%emt 0:01:58] White is slightly better.} a6 9. a4 b6 10. Bg5 Bb7 11. Qe2 Nc6 12. Rad1 {[%emt 0:02:42] White is much more active. The black rooks are badly placed.} Qd6 13. Rfe1 e6 14. Bh4 Ne7 15. Ne5 Ned5 16. Nxd5 Nxd5 (16... exd5 $11 17. Bb3 Rae8) 17. Bg3 Qb4 18. c3 Qe7 {[%emt 0:12:14] [#]} (18... Qxa4 $11 19. Ra1 Qe8) 19. Qf3 $146 ({Predecessor:} 19. a5 b5 20. Bb3 h5 21. Nd3 Qg5 22. Qd2 Qd8 23. Nc5 Bc6 24. Be5 Re8 25. Bxg7 Kxg7 {1-0 (62) Mishra,A (2120)-Colas,J (2309) Burlingame 2019}) 19... Rad8 20. Qd3 Qe8 21. Bxa6 Bxa6 22. Qxa6 Ra8 23. Qb5 Rxa4 24. Nc6 Ra5 25. Qc4 Ra8 26. Ra1 Qd7 27. Qb5 h5 28. Bh4 Kh7 29. Bg5 f6 30. Be3 Ne7 {[%emt 0:02:33] ...Rxa1 is the strong threat.} 31. Na7 {[%emt 0:00:27] [#]} (31. Rxa8 Rxa8 32. d5 Nxd5 $17) (31. d5 $1 $15) 31... c6 $1 $17 32. Qxb6 Rfb8 $36 {[%emt 0:00:12][%mdl 2112] Skewer. Keeping White busy.} 33. Qc5 Rb7 34. d5 (34. Nxc6 $17 Rxa1 35. Rxa1 Nxc6 36. Ra6) 34... cxd5 $19 (34... Nxd5 35. Red1 $17) ({Worse is} 34... exd5 35. Ra6 $15) 35. Ra6 Nf5 ({Stronger than} 35... Rxb2 36. Rd6 Qa4 37. Qd4 Qxd4 38. Bxd4 $17) 36. Rea1 Bf8 (36... Nxe3 $19 37. Qxe3 Rxb2) 37. Qc6 $17 Qxc6 38. Nxc6 Rxa6 39. Rxa6 Nxe3 40. fxe3 Rxb2 {[%emt 0:00:09] White must now prevent ...Bc5.} 41. Nb4 Bxb4 (41... Kg7 $17 42. Nd3 Rb1+ 43. Kf2 e5 44. Ra7+ Kg8) 42. cxb4 $15 Rxb4 {[%emt 0:00:06] [#] aiming for ...Re4.} 43. Rxe6 $17 {[%emt 0:00:05][%mdl 4096] Endgame KR-KR} Re4 44. Rd6 Re5 45. h4 ({But not} 45. Kf2 Rf5+ 46. Ke2 h4 $15) 45... Rf5 46. g3 Kg7 47. Rd7+ Kg8 48. Kg2 Kf8 49. Ra7 Ke8 (49... Re5 $5 50. Kf3 Re7 $17) 50. Rg7 {[%emt 0:03:57] The position is equal.} Re5 51. Kf3 Kf8 52. Rd7 Rf5+ 53. Kg2 Ke8 54. Rg7 g5 55. hxg5 fxg5 56. g4 hxg4 57. Kg3 Rf3+ 58. Kxg4 Rxe3 59. Rxg5 d4 {[%emt 0:00:11] White happily takes the draw.  Weighted Error Value: White=0.14 (very precise) /Black=0.07 (flawless)} 1/2-1/2

[Event "FRA-ch Teams Top 16-A 2022"]
[Site "Chartres"]
[Date "2022.06.09"]
[Round "1.11"]
[White "Eden, James"]
[Black "Visakh N R"]
[Result "1-0"]
[ECO "B15"]
[WhiteElo "2273"]
[BlackElo "2506"]
[Annotator "TA"]
[PlyCount "75"]
[EventDate "2022.06.09"]
[EventType "team-tourn"]
[EventCountry "FRA"]
[SourceTitle "playchess.com"]
[Source "ChessBase"]
[SourceQuality "1"]
[TimeControl "40/5400+30:1800+30"]

1. e4 c6 2. d4 d5 3. Nd2 dxe4 4. Nxe4 Nf6 5. Nxf6+ exf6 6. c3 Bd6 7. Bd3 O-O 8. Qc2 {[%emt 0:00:13] Active counter play!} Re8+ {[%emt 0:00:33] B15: Caro-Kann: 3 Nc3: 3...g6 and 3...dxe4 4 Nxe4 Nf6 5 Nxf6+ exf6.} 9. Ne2 h5 10. Be3 Nd7 {[%emt 0:03:41] White has an edge.} 11. O-O-O Nf8 12. Kb1 Be6 13. c4 Rc8 14. Nc3 Bb4 15. a3 Bxc3 16. Qxc3 b5 17. d5 cxd5 18. c5 a6 {[%emt 0:05:03] [#]} 19. h3 $146 ({Predecessor:} 19. Rc1 Rc6 20. Rhd1 Qd7 21. Ka1 Ng6 22. Bb1 Rec8 23. Bd4 Bf5 24. Ba2 Ne7 25. h3 {0-1 (44) Do Valle Cardoso,L (2301)-Yoo,C (2457) Chess.com INT 2021}) 19... Ng6 20. g4 hxg4 21. hxg4 Bxg4 22. Rdg1 Qd7 ({Black should play} 22... Bf3 $1 $17 23. Rh3 Be4) 23. Rg3 (23. Bd4 $1 $15) 23... Bf5 $17 24. Bd4 Rc6 (24... a5 $19 25. Qc2 Bxd3 26. Rxd3 b4) 25. Rh5 ({Better is} 25. Ka2 $15) 25... Bxd3+ 26. Qxd3 Re1+ 27. Ka2 Qe6 (27... Re4 $17 {White must now prevent ...Nf4.} 28. Rgh3 Kf8) 28. Rgh3 $15 Qe4 ({Black should try} 28... Kf8 $15) 29. Qg3 $1 $11 {[%emt 0:01:17] Qb8+ is the strong threat.} Qb1+ (29... Rc8 $5 30. Qh2 Qb1+ 31. Kb3 Qd1+ 32. Ka2 Qa1+ 33. Kb3 Qd1+ 34. Ka2 Qa1+ 35. Kb3 Qd1+ $11) 30. Kb3 Qd1+ 31. Ka2 {[%emt 0:00:44] Threatening mate with Qb8+. Dancing on a razor blade.} Qb1+ 32. Kb3 {[%emt 0:00:02] White threatens Qb8+ and mate.} Re8 {[%emt 0:03:19][%mdl 8192] Against Qb8} (32... Rc8 $11 33. Rh8+ Nxh8 34. Rxh8+ Kxh8 35. Qh3+ Qh7 36. Qxc8+ Qg8 37. Qh3+ Qh7 38. Qc8+ Qg8 39. Qh3+ Qh7 40. Qc8+) 33. Rh1 $18 {[%emt 0:01:23] White is clearly winning.} Qe4 {[%emt 0:00:10] [#]} 34. Qh3 $1 {[%emt 0:00:52][%cal Oh5h8] Rh8+! would kill now.} Kf8 {[%emt 0:00:05] [#]} (34... Qxh1 35. Qxh1) 35. Qd7 $1 {[%emt 0:00:40][%csl LRc6,LRd5] White wants to mate with Rh8+.} Kg8 {[%emt 0:01:17] Prevents Rh8+.} 36. Qxc6 a5 37. Qxd5 Qd3+ 38. Bc3 {[%emt 0:00:46] Quite a comeback for White.  Weighted Error Value: White=0.17 (very precise) /Black=0.18 (very precise)} 1-0